 Dungeon Crawl Stone Soup version 0.21.1-1-g345015fe64 (webtiles) character file.

22625 4FPSwarrior the Black Sun (level 13, -7/116 HPs)
             Began as a Ghoul Monk on Apr 16, 2018.
             Was a High Priest of Kikubaaqudgha.
             Mangled by an eight-headed hydra (10 damage)
             ... on level 4 of the Lair of Beasts on Apr 20, 2018.
             The game lasted 01:41:43 (13181 turns).

4FPSwarrior the Black Sun (Ghoul Monk)             Turns: 13181, Time: 01:41:45

Health: -7/116     AC: 13    Str: 20    XL:     13   Next: 1%
Magic:  12/12      EV: 12    Int:  7    God:    Kikubaaqudgha [*****.]
Gold:   827        SH:  4    Dex: 11    Spells: 3/12 levels left

rFire    + + .     SeeInvis .     - Unarmed
rCold    + + .     Gourm    .   J - +0 buckler
rNeg     + + +     Faith    .   c - +4 ring mail of Blue Skies {+Blink rF+ rC++ Str+2}
rPois    ∞         Spirit   .   j - +2 helmet
rElec    .         Reflect  .   k - +0 cloak
rCorr    .         Harm     .   (no gloves)
MR       .....                  (no boots)
Stlth    +.........             C - amulet of magic regeneration
HPRegen  0.00/turn              H - ring of flight
MPRegen  0.38/turn              F - ring of fire

@: about to teleport, rotting
A: rotting body, claws 1, carnivore, cold resistance 1, negative energy
resistance 3, inhibited regeneration, torment resistance, unbreathing
a: Receive Corpses, Torment, Renounce Religion, Evoke Blink, Evoke Flight


You were on level 4 of the Lair of Beasts.
You worshipped Kikubaaqudgha.
Kikubaaqudgha was extremely pleased with you.
You were not hungry.

You visited 3 branches of the dungeon, and saw 15 of its levels.

You collected 827 gold pieces.

Inventory:

Hand Weapons
 d - a +0 blowgun
Missiles
 m - 3 javelins (quivered)
 I - 11 curare-tipped needles
 Z - 2 throwing nets
Armour
 c - the +4 ring mail of Blue Skies (worn) {+Blink rF+ rC++ Str+2}
   (You found it on level 5 of the Dungeon)

   It affects your strength (+2).
   It protects you from fire.
   It greatly protects you from cold.
   It lets you blink.
 j - a +2 helmet (worn)
 k - a +0 cloak (worn)
 y - a +2 leather armour of magic resistance
 J - a +0 buckler (worn)
 K - the +0 robe of Heested {rElec rF+ Int-5}
   (You found it on level 6 of the Dungeon)

   It affects your intelligence (-5).
   It protects you from fire.
   It insulates you from electricity.
Jewellery
 C - an amulet of magic regeneration (around neck)
 F - a ring of fire (right claw)
 H - a ring of flight (left claw)
Wands
 v - a wand of random effects (66)
 G - a wand of paralysis (11)
 R - a wand of iceblast (16)
 S - a wand of disintegration (26)
 T - a wand of enslavement (14)
 U - a wand of digging (17)
 V - a wand of polymorph (7)
 Y - a wand of flame (9)
Scrolls
 a - 3 scrolls of identify
 g - a scroll of vulnerability {unknown}
 h - 2 scrolls of enchant weapon
 l - 2 scrolls of magic mapping
 n - 5 scrolls of teleportation
 o - a scroll of noise {unknown}
 q - a scroll of acquirement {unknown}
 r - 3 scrolls of remove curse
 t - 3 scrolls of immolation
 u - a scroll of blinking {unknown}
 L - a scroll of fear {unknown}
 W - 2 scrolls of amnesia {unknown}
Potions
 f - 4 potions of flight
 i - a potion of haste
 p - 3 potions of might
 z - a potion of resistance {unknown}
 A - a potion of heal wounds {unknown}
 B - 2 potions of brilliance
 E - 2 potions of agility
 M - a potion of cancellation {unknown}
 Q - 2 potions of magic
Books
 w - a book of Maledictions

   Spells                             Type                      Level
   a - Corona                         Hexes                        1
   b - Ensorcelled Hibernation        Hexes/Ice                    2
   c - Confuse                        Hexes                        3
   d - Tukima's Dance                 Hexes                        3
   e - Dazzling Spray                 Conjuration/Hexes            3
 D - Kikubaaqudgha's Disquisition on Dark Rites
   (Kikubaaqudgha gifted it to you in the Ecumenical Temple)

   Spells                             Type                      Level
   a - Animate Skeleton               Necromancy                   1
   b - Pain                           Necromancy                   1
   c - Corpse Rot                     Necromancy                   2
   d - Regeneration                   Charms/Necromancy            3
 N - Kikubaaqudgha's Volume of Evil Magic
   (Kikubaaqudgha gifted it to you on level 7 of the Dungeon)

   Spells                             Type                      Level
   a - Animate Dead                   Necromancy                   4
   b - Excruciating Wounds            Charms/Necromancy            5
   c - Dispel Undead                  Necromancy                   5
   d - Simulacrum                     Ice/Necromancy               6
   e - Death Channel                  Necromancy                   6
 O - a book of Battle

   Spells                             Type                      Level
   a - Infusion                       Charms                       1
   b - Shroud of Golubria             Charms/Translocation         2
   c - Song of Slaying                Charms                       2
   d - Spectral Weapon                Hexes/Charms                 3
   e - Regeneration                   Charms/Necromancy            3
 P - a book of Minor Magic

   Spells                             Type                      Level
   a - Magic Dart                     Conjuration                  1
   b - Blink                          Translocation                2
   c - Call Imp                       Summoning                    2
   d - Slow                           Hexes                        2
   e - Conjure Flame                  Conjuration/Fire             3
   f - Mephitic Cloud                 Conjuration/Poison/Air       3
Comestibles
 b - 47 rations
 s - 2 chunks of flesh


   Skills:
 + Level 11.2 Fighting
 + Level 0.7 Armour
 + Level 2.9 Dodging
 - Level 2.1 Stealth
 - Level 4.0 Shields
 + Level 12.2 Unarmed Combat
 + Level 4.1 Charms
 * Level 13.5 Necromancy


You had 3 spell levels left.
You knew the following spells:

 Your Spells              Type           Power        Failure   Level  Hunger
a - Pain                  Necr           ###.         1%          1    ##.....
b - Animate Skeleton      Necr           N/A          1%          1    ##.....
c - Regeneration          Chrm/Necr      ##........   6%          3    ####...
d - Animate Dead          Necr           N/A          3%          4    #####..


Dungeon Overview and Level Annotations

Branches:
Dungeon (10/15)            Temple (1/1) D:5            Lair (4/6) D:9
 Spider (0/4) Lair:2
  Swamp: Lair:2-4    Shoals: Lair:2-4       Orc: D:9-12

Altars:
Ashenzari
Cheibriados
Dithmenos
Elyvilon
Fedhas
Gozag
Hepliaklqana
Kikubaaqudgha
Makhleb
Nemelex Xobeh
Okawaru
Qazlal
Ru
Sif Muna
Trog
Uskayaw
Vehumet
Wu Jian
Xom
Yredelemnul
Zin
The Shining One

Annotations:
Lair:4 Urug


Innate Abilities, Weirdness & Mutations

Your body is rotting away.
You thrive on raw meat.
You are immune to poison.
You have sharp fingernails.
You are carnivorous and can eat meat at any time.
Your flesh is cold resistant. (rC+)
You are immune to negative energy. (rN+++)
You do not regenerate when monsters are visible.
You are immune to unholy pain and torment.
You can survive without breathing.


Message History

Urug throws a javelin.
You block the javelin.
Your spiny frog zombie hits the eight-headed hydra!
The eight-headed hydra bites you but does no damage.
The eight-headed hydra closely misses you.
The eight-headed hydra bites you.
* * * LOW HITPOINT WARNING * * *
You block the eight-headed hydra's attack. x2
The eight-headed hydra closely misses you.
The eight-headed hydra bites you.
* * * LOW HITPOINT WARNING * * *
The eight-headed hydra bites you!
* * * LOW HITPOINT WARNING * * *
Your spiny frog zombie hits the eight-headed hydra!
Your spiny frog zombie hits the eight-headed hydra!!
The eight-headed hydra closely misses you.
The eight-headed hydra bites you.
* * * LOW HITPOINT WARNING * * *
The eight-headed hydra bites you!
You die...
Kikubaaqudgha rasps: "You have failed me!
Welcome... oblivion!"

...#...#...##......###P..###....#
...'...#....'......##......#...##
....^..#..###....................
.........####.....(..Z...........
...#..........o..................
####...<.........(.Z.............
##.##..........(.Z...............
....#....#..####D...............#
....'..#.#.## ##@..###..##....##.
8...#.##...## #...#######.....#(#
....'.'...... ##..##......#.....#
....#..##....###..##.............
..##..###....P#P....<..Z.##...P..
####..# ...###...#.....##......
......# ## #..######.........
......##.# ## #...# #.##....P.
........#...##.#..# ####....#.


You could see an eight-headed hydra, Urug, a friendly spiny frog zombie, a
friendly porcupine skeleton and a friendly yak skeleton.

Vanquished Creatures
  A hydra (D:7)
  The ghost of KleinerIrrer the Covert, a journeyman OpTm of Cheibriados (D:10)
  2 two-headed ogres (D:8)
  2 death yaks (Lair:3)
  Maurice (D:9)
  An elephant (Lair:3)
  A black mamba (Lair:4)
  2 rime drakes
  6 spiny frogs
  3 komodo dragons (Lair:3)
  A queen bee (Lair:1)
  A blink frog (Lair:4)
  Grinder (D:4)
  3 hippogriffs
  16 yaks
  A spriggan (D:9)
  2 basilisks
  Eustachio (D:5)
  2 wargs (D:9)
  6 water moccasins
  4 porcupines
  2 sky beasts
  3 orc warriors
  3 ogres
  2 necrophages
  2 ice beasts
  2 phantoms
  6 centaurs
  2 crocodiles (Lair:1)
  11 bullfrogs
  5 scorpions
  27 killer bees
  15 wights
  4 howler monkeys
  2 crimson imps
  A bullfrog skeleton (D:9)
  5 hounds
  6 orc priests
  10 orc wizards
  Jessica (D:3)
  Ijyb (D:4)
  10 iguanas
  11 worker ants
  Natasha (D:3)
  A hound skeleton (D:7)
  A worker ant zombie (D:10)
  A howler monkey skeleton (D:6)
  11 adders
  3 gnolls (D:4)
  3 shadow imps
  An adder skeleton (D:7)
  6 worms
  A dart slug (D:4)
  4 leopard geckos
  38 orcs
  9 giant cockroaches
  5 goblins
  13 hobgoblins
  26 jackals
  4 quokkas
  A ball python (D:4)
  7 bats
  9 frilled lizards
  5 kobolds
  A leopard gecko zombie (D:5)
  A quokka skeleton (D:4)
  13 rats
  A plant (Lair:2)
355 creatures vanquished.

Vanquished Creatures (collateral kills)
  2 death yaks
  Sonja (Lair:2)
  3 elephants (Lair:3)
  A spiny frog (Lair:4)
  A rime drake (Lair:4)
  A demonic crawler (Lair:2)
  3 komodo dragons
  2 blink frogs (Lair:4)
  2 hippogriffs
  A wyvern (Lair:4)
  3 basilisks
  2 porcupines (Lair:1)
  A swamp drake (Lair:4)
  An ogre (D:10)
  2 crocodiles
  2 bullfrogs
  A scorpion (Lair:2)
  2 killer bees (Lair:1)
  A wight (D:10)
  A hound (D:10)
  A jelly (D:8)
  3 orc wizards
  6 orcs
  3 fungi (Lair:3)
  4 plants
50 creatures vanquished.

Vanquished Creatures (others)
  A spiny frog (Lair:4)
  6 fungi
  7 plants
14 creatures vanquished.

Grand Total: 419 creatures vanquished

Notes
Turn   | Place    | Note
-------+----------+-------------------------------------------
     0 | D:1      | 4FPSwarrior the Ghoul Monk began the quest for the Orb.
     0 | D:1      | Reached XP level 1. HP: 19/19 MP: 0/0
   204 | D:1      | Reached XP level 2. HP: 26/26 MP: 1/1
   745 | D:1      | Reached XP level 3. HP: 26/31 MP: 2/2
  1054 | D:2      | Reached skill level 5 in Unarmed Combat
  1206 | D:2      | Reached XP level 4. HP: 34/38 MP: 3/3
  2029 | D:3      | Reached XP level 5. HP: 31/45 MP: 4/4
  2041 | D:3      | Found a snail-covered altar of Cheibriados.
  2041 | D:3      | Noticed Natasha
  2109 | D:3      | Found a sparkling altar of Nemelex Xobeh.
  2115 | D:3      | Found a deep blue altar of Sif Muna.
  2115 | D:3      | Found a shimmering altar of Xom.
  2223 | D:3      | Noticed Jessica
  2241 | D:3      | Killed Jessica
  2367 | D:3      | Killed Natasha
  2624 | D:4      | Reached XP level 6. HP: 49/51 MP: 5/5
  2631 | D:4      | Found an ornate altar of the Wu Jian Council.
  2834 | D:4      | Reached XP level 7. HP: 47/57 MP: 6/6
  2853 | D:4      | Noticed Grinder
  2876 | D:4      | Paralysed by Grinder for 4 turns
  2885 | D:4      | Killed Grinder
  3042 | D:4      | Noticed Ijyb
  3049 | D:4      | Killed Ijyb
  3301 | D:5      | Entered Level 5 of the Dungeon
  3381 | D:5      | Got a transparent ring mail
  3382 | D:5      | Identified the +4 ring mail of Blue Skies {+Blink rF+ rC++ Str+2} (You found it on level 5 of the Dungeon)
  3529 | D:5      | Reached skill level 10 in Unarmed Combat
  3529 | D:5      | Reached XP level 8. HP: 57/63 MP: 7/7
  3622 | D:5      | Found a staircase to the Ecumenical Temple.
  3634 | Temple   | Entered the Ecumenical Temple
  3705 | Temple   | Became a worshipper of Kikubaaqudgha
  3705 | Temple   | Reached * piety under Kikubaaqudgha
  3705 | Temple   | Identified Kikubaaqudgha's Disquisition on Dark Rites (Kikubaaqudgha gifted it to you in the Ecumenical Temple)
  3705 | Temple   | Received a gift from Kikubaaqudgha
  3705 | Temple   | Reached ** piety under Kikubaaqudgha
  3709 | Temple   | Learned a level 1 spell: Pain
  3711 | Temple   | Learned a level 1 spell: Animate Skeleton
  3900 | D:5      | Found a white marble altar of Elyvilon.
  3942 | D:5      | Reached skill level 1 in Necromancy
  4135 | D:5      | Noticed Eustachio
  4144 | D:5      | Killed Eustachio
  4144 | D:5      | Reached skill level 2 in Necromancy
  4294 | D:5      | Reached skill level 3 in Necromancy
  4426 | D:6      | Reached XP level 9. HP: 64/72 MP: 8/8
  4433 | D:6      | Reached skill level 4 in Necromancy
  4607 | D:6      | Reached skill level 5 in Fighting
  4700 | D:6      | Reached skill level 5 in Necromancy
  4988 | D:6      | Got a brightly glowing robe
  5444 | D:7      | Reached *** piety under Kikubaaqudgha
  5444 | D:7      | Identified Kikubaaqudgha's Volume of Evil Magic (Kikubaaqudgha gifted it to you on level 7 of the Dungeon)
  5444 | D:7      | Received a gift from Kikubaaqudgha
  5452 | D:7      | Reached skill level 1 in Shields
  5452 | D:7      | Reached skill level 6 in Necromancy
  5591 | D:7      | Noticed a six-headed hydra
  5608 | D:7      | Killed a six-headed hydra
  5608 | D:7      | Reached skill level 7 in Necromancy
  5608 | D:7      | Reached XP level 10. HP: 51/84 MP: 9/9
  6023 | D:7      | Learned a level 3 spell: Regeneration
  6105 | D:8      | Noticed a two-headed ogre
  6120 | D:8      | Killed a two-headed ogre
  6120 | D:8      | Reached skill level 1 in Charms
  6140 | D:8      | Noticed a two-headed ogre
  6155 | D:8      | Killed a two-headed ogre
  6182 | D:8      | Identified the +0 robe of Heested {rElec rF+ Int-5} (You found it on level 6 of the Dungeon)
  6284 | D:8      | Found a sacrificial altar of Ru.
  6388 | D:8      | Reached skill level 8 in Necromancy
  6641 | D:8      | Learned a level 4 spell: Animate Dead
  6855 | D:9      | Found a glowing silver altar of Zin.
  6855 | D:9      | Found a bloodstained altar of Trog.
  6875 | D:9      | Noticed Maurice
  6961 | D:9      | Found a staircase to the Lair.
  6997 | D:9      | Reached **** piety under Kikubaaqudgha
  7083 | D:9      | Killed Maurice
  7134 | D:9      | Found a shattered altar of Ashenzari.
  7214 | D:9      | Reached XP level 11. HP: 86/92 MP: 10/10
  7341 | D:10     | Entered Level 10 of the Dungeon
  7606 | D:10     | Reached skill level 9 in Necromancy
  7874 | D:10     | Noticed KleinerIrrer's ghost (journeyman OpTm)
  7891 | D:10     | Killed KleinerIrrer's ghost
  8229 | Lair:1   | Entered Level 1 of the Lair of Beasts
  8406 | Lair:1   | Reached ***** piety under Kikubaaqudgha
  8504 | Lair:1   | Reached skill level 10 in Necromancy
  9615 | Lair:2   | Found a hole to the Spider Nest.
  9866 | Lair:1   | Reached skill level 11 in Necromancy
  9967 | Lair:2   | Noticed Sonja
  9978 | Lair:2   | Killed Sonja
 10307 | Lair:2   | Reached XP level 12. HP: 82/105 MP: 9/11
 10849 | Lair:3   | Noticed a death yak
 10849 | Lair:3   | Noticed a death yak
 10849 | Lair:3   | Noticed a death yak
 10849 | Lair:3   | Noticed a death yak
 10865 | Lair:2   | Killed a death yak
 11227 | Lair:3   | Reached skill level 10 in Fighting
 11234 | Lair:3   | Reached skill level 12 in Necromancy
 11415 | Lair:3   | Killed a death yak
 11870 | Lair:3   | Found a sacrificial altar of Ru.
 12074 | Lair:3   | Killed a death yak
 12080 | Lair:3   | Killed a death yak
 12598 | Lair:4   | Reached skill level 13 in Necromancy
 12681 | Lair:4   | Noticed an eight-headed hydra
 12693 | Lair:4   | Noticed Urug
 13126 | Lair:4   | Reached XP level 13. HP: 46/116 MP: 8/12
 13180 | Lair:4   | HP: 5/116 [eight-headed hydra (10)]
 13181 | Lair:4   | Mangled by an eight-headed hydra

Skill      XL: |  1  2  3  4  5  6  7  8  9 10 11 12 |
---------------+-------------------------------------+-----
Unarmed Combat | 4 5 6 7 8 10 11 12 | 12.2
Necromancy     | 3 7 8 11 13 | 13.5
Fighting       | 4 6 7 9 11 | 11.2
Shields        | 2 3 4 |  4.0
Charms         | 2 4 |  4.1
Armour         | |  0.7
Dodging        | |  2.9
Stealth        | |  2.1

Action                   |  1- 3 |  4- 6 |  7- 9 | 10-12 | 13-15 || total
-------------------------+-------+-------+-------+-------+-------++-------
Melee: Unarmed           |   118 |   172 |   286 |   813 |     6 ||  1395
       Punch             |     2 |     4 |    11 |    13 |       ||    30
Throw: Javelin           |       |     9 |    17 |    20 |       ||    46
       Throwing net      |       |       |       |     1 |       ||     1
 Cast: Animate Skeleton  |       |       |    17 |    46 |     2 ||    65
       Pain              |       |       |     6 |    29 |     1 ||    36
       Animate Dead      |       |       |       |    23 |     1 ||    24
       Regeneration      |       |       |       |    17 |       ||    17
Invok: Receive Corpses   |       |       |       |     8 |       ||     8
Evoke: Wand              |       |       |     2 |     6 |       ||     8
  Use: Scroll            |       |     2 |     7 |    16 |     1 ||    26
       Potion            |       |       |     1 |     9 |       ||    10
 Stab: Sleeping          |     3 |       |     1 |     2 |       ||     6
       Distracted        |       |       |     1 |     2 |       ||     3
       Held in net/web   |       |       |       |     1 |       ||     1
       Invisible         |       |       |       |     2 |       ||     2
  Eat: Chunk             |    13 |    12 |    30 |    86 |     3 ||   144
Armor: Robe              |    17 |     7 |       |       |       ||    24
       Ring mail         |       |    39 |    87 |   267 |    11 ||   404
Dodge: Dodged            |    76 |    74 |   142 |   458 |     7 ||   757
Block: Buckler           |       |       |       |   132 |     7 ||   139
